 Dungeon Crawl Stone Soup version 0.29-a0-559-g359e09b9d1 (webtiles) character file.

Game seed: 5929766192997202127

7 valliere the Stinger (level 1, 0/10 HPs)
             Began as a Deep Elf Venom Mage on June 9, 2022.
             Slain by a jackal (3 damage)
             ... on level 1 of the Dungeon.
             The game lasted 00:01:10 (244 turns).

valliere the Stinger (Deep Elf Venom Mage)           Turns: 244, Time: 00:01:11

Health: 0/10       AC:  2    Str:  5    XL:     1   Next: 83%
Magic:  6/6        EV: 12    Int: 19    God:
Gold:   9          SH:  0    Dex: 15    Spells: 5/6 levels left

rFire   . . .      SeeInvis .   f - +0 quarterstaff
rCold   . . .      Faith    .   (shield currently unavailable)
rNeg    . . .      Spirit   .   a - +0 robe
rPois   .          Reflect  .   (no helmet)
rElec   .          Harm     .   (no cloak)
rCorr   .          Rampage  .   (no gloves)
Will    .....                   (no boots)
Stlth   ++........              (no amulet)
HPRegen 0.03/turn               (no ring)
MPRegen 0.10/turn               (no ring)

@: very slightly contaminated
A: no striking features
a: no special abilities


You were on level 1 of the Dungeon.
You visited 1 branch of the dungeon, and saw 1 of its levels.

You collected 9 gold pieces.

Inventory:

Hand Weapons
 f - a +0 quarterstaff (weapon)
Armour
 a - a +0 robe (worn)
Jewellery
 e - a ring of positive energy
Scrolls
 d - a scroll of amnesia {unknown}
Potions
 c - a potion of lignification {unknown}


   Skills:
 + Level 2.6 Dodging
 - Level 2.4 Stealth
 - Level 3.0 Spellcasting
 + Level 0.5 Conjurations
 - Level 1.1 Transmutations
 * Level 3.5 Poison Magic


You had 5 spell levels left.
You knew the following spells:

 Your Spells              Type           Power      Damage    Failure   Level
a - Sting                 Tmut/Pois      44%        1d5       6%          1

Your spell library contained the following spells:

 Spells                   Type           Power      Damage    Failure   Level
 Poisonous Vapours        Pois/Air       18%        N/A       11%         2
 Mephitic Cloud           Conj/Pois/Air  8%         N/A       26%         3
 Olgreb's Toxic Radiance  Pois           16%        N/A       34%         4


Dungeon Overview and Level Annotations

Branches:
Dungeon (1/15)

Altars:


Message History

The ball python hisses angrily.
You hear a bark!
A jackal comes into view.
You hear a shout!
You can't see any susceptible monsters within range! (Use Z to cast anyway.)
A rat comes into view.
The sting hits the ball python.
The ball python is poisoned.
The ball python is heavily wounded.
A jackal comes into view.
The sting hits the jackal.
The jackal is poisoned.
The jackal is moderately wounded.
The jackal barks!
The jackal barely misses you.
The sting hits the jackal.
The jackal looks even sicker.
You kill the jackal!
The sting hits the ball python.
The ball python looks even sicker.
You kill the ball python!
A kobold comes into view. It is wielding a +0 whip.
The sting misses the jackal.
The jackal closely misses you. The jackal closely misses you.
The sting hits the jackal but does no damage.
The jackal is poisoned.
The jackal bites you.
You are too depleted to draw on your mana recklessly!
You barely miss the jackal.
The jackal is lightly wounded.
The jackal closely misses you. x2
You hit the jackal.
You kill the jackal!
The jackal bites you.
You closely miss the jackal. The jackal barely misses you.
The jackal bites you.
You barely miss the jackal. The jackal barely misses you.
You miscast Sting.
You are very lightly contaminated with residual magic.
Nothing appears to happen.
The jackal barely misses you. The jackal closely misses you.
You barely miss the jackal. The jackal misses you. The jackal bites you.
You closely miss the jackal. The jackal bites you.
* * * LOW HITPOINT WARNING * * *
Magic courses through your body. The jackal bites you.
You die...

#............# ..
...#.........##.#...
#.#................
#...........##.#...
###..............
#..........##.##
####.............#
...............###
#######@#####..######
#h# #.......# #Kr#
###..###.## #.##
#...†#...#
..............##
...##.##.#####..#
...... #. ##.# ......
#. #####.# ...... #.
#.....#


You could see a jackal, a kobold and a rat.

Vanquished Creatures
  A ball python (D:1)
  A hobgoblin (D:1)
  2 jackals (D:1)
  A bat (D:1)
  A rat (D:1)
6 creatures vanquished.

Notes
Turn   | Place    | Note
-------+----------+-------------------------------------------
     0 | D:1      | valliere the Deep Elf Venom Mage began the quest for the
                  | Orb.
     0 | D:1      | Reached XP level 1. HP: 10/10 MP: 6/6
   244 | D:1      | Slain by a jackal

Illustrated notes

Levels and vault maps discovered:
D:1:      heliophobic_arrival_battle_scene, layout_rooms, serial_shops, shop,
          minmay_crystal_room

Action                   || total
-------------------------++-------
Melee: Quarterstaff      ||     6
 Cast: Sting             ||    11
  Use: Potion            ||     1
Dodge: Dodged            ||    11

Table legend: (Time is in decaauts)
 A = Elapsed time spent in this place.
 B = Non-inter-level travel time spent in this place.
 C = Inter-level travel time spent in this place.
 D = Time resting spent in this place.
 E = Time spent auto-exploring this place.
 F = Levels seen in this place.
 G = Mean time per level.
                   A        B        C        D        E       F      G
               +--------+--------+--------+--------+--------+-----+--------+
         Total |    245 |    245 |      0 |      0 |    199 |   1 |  245.0 |
       Dungeon |    245 |    245 |      0 |      0 |    199 |   1 |  245.0 |
               +--------+--------+--------+--------+--------+-----+--------+

Top non-repeatable levels by time:
     D:1: 245 daAuts
